 Dungeon Crawl Stone Soup version 0.25-a0-734-g73332ae (webtiles) character file.

Game seed: 5114494554534005407, levelgen mode: deterministic

35978 BlueFish the Brawler (level 13, -7/123 HPs)
             Began as a Troll Hunter on Apr 9, 2020.
             Was the Champion of Wu Jian.
             Mangled by a five-headed hydra (13 damage)
             ... on level 5 of the Lair of Beasts.
             The game lasted 00:42:24 (12899 turns).

BlueFish the Brawler (Troll Hunter)                Turns: 12899, Time: 00:42:25

Health: -7/123     AC:  8    Str: 23    XL:     13   Next: 50%
Magic:  12/12      EV: 16    Int:  7    God:    Wu Jian [******]
Gold:   1016       SH:  6    Dex: 19    Spells: 12/12 levels left

rFire    . . .     SeeInvis .     - Unarmed
rCold    . . .     Gourm    +   (no shield)
rNeg     . . .     Faith    .   H - +0 troll leather armour
rPois    .         Spirit   .   (helmet restricted)
rElec    .         Reflect  +   Q - scarf {cloud immunity}
rCorr    .         Harm     .   (gloves unavailable)
MR       .....                  (boots unavailable)
Stlth    +++.......             T - +6 amulet of reflection
HPRegen  1.10/turn              x - +5 ring of dexterity
MPRegen  0.13/turn              m - +3 ring of evasion

@: about to teleport, very slightly contaminated, very slow
A: large, unfitting armour, claws 3, fast metabolism 3, gourmand, regeneration
1, shaggy fur 1, tough skin 3
a: Wall Jump, Serpent's Lash, Heavenly Storm, Renounce Religion


You were on level 5 of the Lair of Beasts.
You worshipped Wu Jian.
Wu Jian was exalted by your worship.
You were completely stuffed.

You visited 3 branches of the dungeon, and saw 18 of its levels.

You collected 1016 gold pieces.

Inventory:

Armour
 H - a +0 troll leather armour (worn)
 Q - a scarf of cloud immunity (worn)
Jewellery
 a - an uncursed ring of stealth
 g - an uncursed amulet of the acrobat
 m - a +3 ring of evasion (right claw)
 p - an uncursed ring of protection from fire {unknown}
 q - a cursed -2 ring of strength {unknown}
 t - an uncursed ring of magical power
 u - an uncursed ring of poison resistance
 x - a +5 ring of dexterity (left claw)
 y - an uncursed ring of see invisible {unknown}
 C - an uncursed ring of positive energy {unknown}
 E - an uncursed ring of protection from cold {unknown}
 F - an uncursed ring of protection from magic {unknown}
 G - a +3 ring of evasion
 T - a +6 amulet of reflection (around neck)
Wands
 o - a wand of random effects (62)
 r - a wand of disintegration (18)
 v - a wand of polymorph (14)
 D - a wand of flame (28)
 I - a wand of paralysis (8)
 L - a wand of scattershot (4)
Scrolls
 d - 4 scrolls of summoning
 e - 5 scrolls of enchant weapon
 j - 3 scrolls of enchant armour
 k - 2 scrolls of teleportation
 n - 10 scrolls of remove curse
 J - 3 scrolls of amnesia
 K - 2 scrolls of identify
 M - 3 scrolls of fog
 N - a scroll of magic mapping
 O - 2 scrolls of immolation
Potions
 b - a potion of lignification
 h - 2 potions of might
 i - 2 potions of flight
 l - 5 potions of curing
 s - a potion of magic
 w - a potion of invisibility
 z - 2 potions of stabbing
 A - a potion of mutation
 B - a potion of resistance
 P - a potion of brilliance
 S - 2 potions of haste
Comestibles
 f - 39 rations
 U - 9 chunks of flesh


   Skills:
 * Level 6.9 Fighting
 * Level 9.0 Throwing
 + Level 3.1 Armour
 + Level 5.2 Dodging
 + Level 3.5 Stealth
 * Level 16.9 Unarmed Combat


You had 12 spell levels left.
You didn't know any spells.
Your spell library contained the following spells:

 Spells                   Type           Power        Failure   Level  Hunger
 Magic Dart               Conj           #...         47%         1    ##.....
 Searing Ray              Conj           #.....       63%         2    ###....
 Dazzling Flash           Conj/Hex       #.....       85%         3    ####...
 Fulminant Prism          Conj/Hex       #.........   99%         4    #####..
 Iskenderun's Mystic Bla  Conj/Tloc      #.......     99%         4    #####..


Dungeon Overview and Level Annotations

Branches:
Dungeon (11/15)            Temple (1/1) D:4            Lair (6/6) D:9
 Shoals (0/4) Lair:3       Spider (0/4) Lair:3          Orc (0/2) D:9
  Slime: Lair:5-6

Altars:
Ashenzari
Cheibriados
Dithmenos
Elyvilon
Fedhas
Gozag
Hepliaklqana
Kikubaaqudgha
Makhleb
Nemelex Xobeh
Okawaru
Qazlal
Ru
Sif Muna
Trog
Uskayaw
Vehumet
Wu Jian
Xom
Yredelemnul
Zin
The Shining One

Shops:
D:6 }   D:9 =   D:11 [

Annotations:
D:7 3 runed translucent doors, Dowan; Faca's ghost, novice HuFi


Innate Abilities, Weirdness & Mutations

You are too large for most types of armour.
You have claws for hands.
Your metabolism is lightning-fast.
You like to eat raw meat.
Your natural rate of healing is unusually fast.
You are covered in fur. (AC +1)
You have extremely tough skin. (AC +3)


Message History

The large rock hits the five-headed hydra!
The five-headed hydra is severely wounded.
Evoke which item? (* to show all) (? for menu, Esc to quit)
Aiming: Disintegrate
Press: ? - help, Shift-Dir - straight line, f/p - five-headed hydra
Aim: a five-headed hydra (severely wounded, chance to defeat MR: 30%)
The five-headed hydra is blasted.
As you read the scroll of teleportation, it crumbles to dust.
You feel strangely unstable.
You enter the shallow water.
Moving in this stuff is going to be slow.
The five-headed hydra bites you!
* * * LOW HITPOINT WARNING * * *
The five-headed hydra bites you.
* * * LOW HITPOINT WARNING * * *
The five-headed hydra bites you.
* * * LOW HITPOINT WARNING * * *
The five-headed hydra closely misses you.
The five-headed hydra bites you!
You die...

..%#<........'...P##.......#
..♣#...≈≈P.†.'....##.......#
.♣ ♣..≈≈≈≈≈.♣#....##.......##
##♣#######♣♣###''##.P.......#
..♣#.≈≈≈≈≈≈≈.#...♣♣.........#
...'..≈≈≈≈≈♣.#..÷♣♣)........##
...'.........♣...♣#........#.#
...#(...((...♣...≈##.........#
...#....⌠.(..♣.D@≈#.........##
♣..♣............≈≈#...PP....#
♣........÷♣....≈≈≈#..P.(....#
...........≈≈≈≈≈≈≈#.........#
..........≈≈≈#≈≈≈8#......#..#
..#####♣♣##########......#.##
.. #..÷...### .^ #.......# .♣
#.......#


You could see a five-headed hydra.

Vanquished Creatures
  Nessos (Lair:4)
  4 hydras
  2 two-headed ogres
  Sonja (Lair:5)
  A lindwurm (Lair:5)
  Pikel (D:6)
  A cyclops (D:11)
  9 elephants (Lair:5)
  4 black mambas
  A gargoyle (D:10)
  2 rime drakes
  7 spiny frogs
  8 komodo dragons
  3 trolls
  6 slime creatures (D:9)
  4 hornets (Lair:5)
  2 dream sheep (Lair:5)
  10 hippogriffs
  A redback (Lair:3)
  A wraith (D:9)
  2 wyverns
  3 basilisks
  27 yaks
  4 hungry ghosts
  Duvessa (D:7)
  12 water moccasins
  3 sky beasts
  13 porcupines
  2 orc warriors (D:11)
  2 black bears
  An ice beast (D:11)
  A phantom (D:9)
  A slave (D:6)
  6 ogres
  19 wolves
  7 centaurs
  A big kobold (D:8)
  7 crocodiles
  13 bullfrogs
  A gnoll sergeant (D:6)
  A wyvern zombie (D:10)
  4 scorpions
  3 troll zombies (D:9)
  11 killer bees
  An electric eel (Lair:3)
  4 howler monkeys
  6 crimson imps
  A centaur zombie (D:5)
  2 bullfrog zombies
  3 hounds
  3 jellies
  5 orc priests
  A bullfrog skeleton (D:6)
  A centaur skeleton (D:5)
  3 iguanas
  Ijyb (D:4)
  9 orc wizards
  5 hell rats
  5 worker ants
  5 ogre zombies (D:9)
  A hound zombie (D:8)
  A worker ant zombie (D:6)
  16 adders
  7 gnolls
  A howler monkey skeleton (D:5)
  A shadow imp (D:6)
  2 oozes
  3 adder skeletons
  2 worms (D:2)
  2 dart slugs
  3 leopard geckos
  33 orcs
  9 bats
  2 giant cockroaches
  6 goblins
  6 hobgoblins
  16 jackals
  6 quokkas
  3 ball pythons
  4 frilled lizards
  A goblin skeleton (D:9)
  2 goblin zombies (D:9)
  2 hobgoblin zombies (D:9)
  A jackal skeleton (D:8)
  5 kobolds
  2 orc skeletons (D:9)
  18 orc zombies (D:9)
  A quokka skeleton (D:4)
  A quokka zombie (D:9)
  10 rats
436 creatures vanquished.

Vanquished Creatures (others)
  A centaur (D:11)
  A wight (D:11)
  A bullfrog zombie (D:6)
  A hound (D:11)
  An iguana (D:11)
  4 fungi
  35 plants (Lair:5)
44 creatures vanquished.

Grand Total: 480 creatures vanquished

Notes
Turn   | Place    | Note
-------+----------+-------------------------------------------
     0 | D:1      | BlueFish the Troll Hunter began the quest for the Orb.
     0 | D:1      | Reached XP level 1. HP: 19/19 MP: 0/0
     3 | D:1      | Noticed an electric eel
    56 | D:1      | Reached XP level 2. HP: 28/28 MP: 1/1
   419 | D:2      | Reached skill level 1 in Unarmed Combat
   419 | D:2      | Reached XP level 3. HP: 34/35 MP: 2/2
   526 | D:2      | Reached XP level 4. HP: 36/42 MP: 3/3
   582 | D:2      | Reached skill level 2 in Unarmed Combat
  1008 | D:2      | Reached XP level 5. HP: 45/49 MP: 4/4
  1305 | D:3      | Reached skill level 3 in Unarmed Combat
  1351 | D:3      | Found an ancient bone altar of Kikubaaqudgha.
  1829 | D:4      | Noticed Ijyb
  1844 | D:4      | Killed Ijyb
  1844 | D:4      | Reached XP level 6. HP: 40/59 MP: 5/5
  1909 | D:4      | Found a staircase to the Ecumenical Temple.
  1915 | Temple   | Entered the Ecumenical Temple
  1938 | Temple   | Became a worshipper of the Wu Jian Council
  2012 | D:4      | Reached skill level 1 in Stealth
  2121 | D:4      | Reached skill level 4 in Unarmed Combat
  2715 | D:5      | Entered Level 5 of the Dungeon
  2789 | D:5      | Reached skill level 5 in Throwing
  2789 | D:5      | Reached skill level 5 in Unarmed Combat
  2789 | D:5      | Reached XP level 7. HP: 30/66 MP: 6/6
  3049 | D:5      | Reached skill level 6 in Unarmed Combat
  3069 | D:5      | You fall into a shaft and drop 1 floor!
  3097 | D:6      | Reached * piety under Wu Jian
  3185 | D:6      | Reached XP level 8. HP: 34/75 MP: 7/7
  3480 | D:6      | Reached skill level 7 in Unarmed Combat
  3654 | D:6      | Found Tatitsim's Gadget Emporium.
  3896 | D:6      | Noticed Pikel
  3930 | D:6      | Killed Pikel
  3930 | D:6      | Reached skill level 8 in Unarmed Combat
  4099 | D:7      | Found a runed translucent gate.
  4100 | D:7      | Found a runed translucent gate.
  4101 | D:7      | Found a runed translucent gate.
  4103 | D:7      | Noticed Faca's ghost (novice HuFi)
  4135 | D:7      | Found a hazy altar of Hepliaklqana.
  4156 | D:7      | Reached XP level 9. HP: 84/84 MP: 8/8
  4324 | D:7      | Noticed Duvessa
  4325 | D:7      | Noticed Dowan
  4457 | D:7      | Reached ** piety under Wu Jian
  4462 | D:7      | Reached skill level 9 in Unarmed Combat
  4551 | D:7      | Killed Duvessa
  5207 | D:8      | Found a shadowy altar of Dithmenos.
  5393 | D:9      | Found Gijyuth's Jewellery Shop.
  5405 | D:9      | Found a staircase to the Lair.
  5516 | D:9      | Reached skill level 10 in Unarmed Combat
  5526 | D:9      | Noticed a two-headed ogre
  5564 | D:9      | Killed a two-headed ogre
  5564 | D:9      | Reached XP level 10. HP: 12/94 MP: 9/9
  5714 | D:9      | Got a twisted shortbow
  5867 | D:9      | Found a staircase to the Orcish Mines.
  5879 | D:9      | Reached skill level 11 in Unarmed Combat
  5968 | D:9      | Reached *** piety under Wu Jian
  6586 | D:10     | Entered Level 10 of the Dungeon
  6602 | D:10     | Noticed a gargoyle
  6603 | D:10     | Reached skill level 12 in Unarmed Combat
  6614 | D:10     | Killed a gargoyle
  6687 | D:10     | Reached skill level 5 in Fighting
  6699 | D:10     | Found a blossoming altar of Fedhas.
  6711 | D:10     | Reached **** piety under Wu Jian
  6859 | D:10     | Reached XP level 11. HP: 66/102 MP: 10/10
  6966 | D:10     | Noticed a two-headed ogre
  6981 | D:10     | Killed a two-headed ogre
  7283 | D:11     | Found a shimmering altar of Xom.
  7288 | D:11     | Reached skill level 13 in Unarmed Combat
  7379 | D:11     | Reached skill level 1 in Armour
  7441 | D:11     | Found Wexep's Antique Armour Emporium.
  8065 | Lair:1   | Entered Level 1 of the Lair of Beasts
  8439 | Lair:1   | Reached ***** piety under Wu Jian
  8439 | Lair:1   | Reached skill level 14 in Unarmed Combat
  9081 | Lair:2   | Reached XP level 12. HP: 113/113 MP: 11/11
  9242 | Lair:2   | Noticed a seven-headed hydra
  9249 | Lair:2   | Killed a seven-headed hydra
  9414 | Lair:2   | Noticed an eight-headed hydra
  9592 | Lair:2   | Killed an eight-headed hydra
  9796 | Lair:2   | Got an ichor-stained mace
 10063 | Lair:3   | Found a hole to the Spider Nest.
 10070 | Lair:3   | Reached skill level 15 in Unarmed Combat
 10442 | Lair:3   | Found a staircase to the Shoals.
 10673 | Lair:3   | Noticed a five-headed hydra
 10677 | Lair:3   | Killed a five-headed hydra
 11056 | Lair:4   | Noticed a four-headed hydra
 11061 | Lair:4   | Killed a four-headed hydra
 11183 | Lair:4   | Noticed Nessos
 11198 | Lair:4   | Killed Nessos
 11800 | Lair:5   | Reached XP level 13. HP: 106/122 MP: 12/12
 11895 | Lair:5   | Noticed Sonja
 11900 | Lair:5   | Killed Sonja
 11900 | Lair:5   | Reached skill level 16 in Unarmed Combat
 12339 | Lair:5   | Reached skill level 5 in Dodging
 12674 | Lair:5   | Reached ****** piety under Wu Jian
 12789 | Lair:5   | You fall into a shaft and drop 1 floor!
 12789 | Lair:6   | Entered Level 6 of the Lair of Beasts
 12899 | Lair:5   | HP: 6/123 [five-headed hydra (2)]
 12899 | Lair:5   | Mangled by a five-headed hydra

Levels and vault maps discovered:
D:1:      arrival_aquarium_a, layout_rooms
D:2:      layout_loops_cross
D:3:      layout_basic, nicolae_overflow_hidden_temple, minmay_crystal_water
D:4:      layout_cave_pods, minmay_temple_entry_hall, first_ration, uniq_ijyb
D:5:      layout_rooms, grunt_ministairs_14, chequers_serial_rivers_large_a
D:6:      layout_basic, serial_shops, nicolae_shop_behind_doors, uniq_pikel
D:7:      layout_rooms, basic_altar, gammafunk_ghost_split, uniq_duvessa
D:8:      layout_basic, blue_anna_alchemist [blue_anna_fruit_fields,
          blue_anna_fruit_fields], nicolae_dithmenos_the_darkroom
D:9:      layout_rooms, dpeg_oklobed_lair, zombieorc2_lemuel, serial_shops,
          shop, grunt_decor_mini_mirrors, nicolae_zen_rock_garden
D:10:     layout_basic, fedhas_altar_3
D:11:     layout_long_grid, serial_shops, kennysheep_mini, xom_confusion_cloud
Temple:   grunt_wide_crystal_templ
Lair:1:   layout_hall_layers, infiniplex_staircase_pool
Lair:2:   layout_cave_shapes, guppyfry_lair_drakes, lemuel_fruit_tree,
          infiniplex_staircase_pool_2, lemuel_fruit_fields
Lair:3:   layout_cave_shapes, elwin_shoals_entry_rocks,
          spider_nest_entry_rubble, serial_bayou_pond_b, beast_lair_carwin_6
Lair:4:   layout_loops_ring, st_stairs_12, uniq_nessos
Lair:5:   cheibrodos_lair_overgrown_chateau, layout_cave_pods, uniq_sonja
Lair:6:   hangedman_lair_in_review, layout_regular_city,
          minmay_slime_entry_jelly_boxes, chequers_serial_rivers_room_a,
          minmay_stone_trees_small

Skill      XL: |  1  2  3  4  5  6  7  8  9 10 11 12 13 |
---------------+----------------------------------------+-----
Throwing       | 4 5 6 7 8 9 |  9.0
Unarmed Combat | 1 2 3 5 6 8 10 12 14 15 16 | 16.9
Fighting       | 2 3 4 5 6 |  6.9
Dodging        | 2 3 4 5 |  5.2
Stealth        | 1 2 3 |  3.5
Armour         | 2 3 |  3.1

Action                   |  1- 3 |  4- 6 |  7- 9 | 10-12 | 13-15 || total
-------------------------+-------+-------+-------+-------+-------++-------
Melee: Short sword       |     6 |       |       |       |       ||     6
       Unarmed           |    56 |   225 |   319 |   685 |   191 ||  1476
       Punch             |     1 |     5 |    12 |    44 |    20 ||    82
Throw: Large rock        |       |       |     3 |    20 |     7 ||    30
       Throwing net      |       |       |       |     3 |       ||     3
Invok: Lunge             |       |     6 |    43 |    81 |    14 ||   144
       Whirlwind         |       |       |       |   221 |    83 ||   304
Evoke: Wand              |       |       |       |       |     1 ||     1
  Use: Scroll            |     2 |     8 |     9 |     6 |     4 ||    29
 Stab: Sleeping          |     2 |    10 |    12 |    17 |     1 ||    42
       Distracted        |       |     1 |       |     2 |     1 ||     4
  Eat: Chunk             |     7 |    23 |    24 |    71 |    10 ||   135
       Ration            |       |       |       |     1 |       ||     1
Armor: Robe              |    25 |    48 |    86 |    26 |       ||   185
       Troll leather arm |       |       |       |    69 |    24 ||    93
Dodge: Dodged            |    23 |   152 |   147 |   324 |    70 ||   716
Block: Other             |       |       |       |    10 |    29 ||    39
       Reflection        |       |       |       |     1 |       ||     1

Table legend:
 A = Non-vault XP
 B = Vault XP
 C = Vault XP percentage of total XP
 D = Non-vault monster count
 E = Vault monster count
 F = Vault count percentage of total count
                 A         B        C        D         E       F
            +---------+---------+-------+---------+---------+-------
      Total |   40548 |   10850 |  21.1 |     358 |      77 |  17.7
            +---------+---------+-------+---------+---------+-------
        D:1 |      37 |       0 |   0.0 |      20 |       0 |   0.0
        D:2 |     159 |       0 |   0.0 |      30 |       0 |   0.0
        D:3 |     140 |       0 |   0.0 |      31 |       0 |   0.0
        D:4 |     219 |      36 |  14.1 |      17 |       1 |   5.6
        D:5 |     558 |      52 |   8.5 |      17 |       2 |  10.5
        D:6 |     836 |     663 |  44.2 |      28 |       1 |   3.4
        D:7 |     716 |     157 |  18.0 |      15 |       1 |   6.2
        D:8 |     462 |     100 |  17.8 |      10 |       1 |   9.1
        D:9 |    4165 |     882 |  17.5 |      23 |      36 |  61.0
       D:10 |    3893 |       0 |   0.0 |      23 |       0 |   0.0
       D:11 |    4162 |     446 |   9.7 |      36 |       6 |  14.3
     Lair:1 |    4046 |       0 |   0.0 |      16 |       0 |   0.0
     Lair:2 |    3847 |    1504 |  28.1 |      17 |       3 |  15.0
     Lair:3 |    4661 |    1375 |  22.8 |      23 |      10 |  30.3
     Lair:4 |    2846 |     895 |  23.9 |      12 |       1 |   7.7
     Lair:5 |    9801 |    4740 |  32.6 |      40 |      15 |  27.3
            +---------+---------+-------+---------+---------+-------
